 Dungeon Crawl Stone Soup version 0.23-a0-767-gdc19b93d68 (webtiles) character file.

989 Hercules1031 the Skirmisher (level 7, -2/64 HPs)
             Began as a Minotaur Fighter on Jan 28, 2019.
             Slain by an orc
             ... wielding a +0 hand axe
              (4 damage)
             ... on level 5 of the Dungeon.
             The game lasted 00:08:28 (3004 turns).

Hercules1031 the Skirmisher (Minotaur Fighter)      Turns: 3004, Time: 00:08:29

Health: -2/64      AC: 12    Str: 23    XL:     7   Next: 98%
Magic:  6/6        EV:  9    Int:  3    God:
Gold:   96         SH:  0    Dex:  9    Spells: 6/6 levels left

rFire    . . .     SeeInvis .   q - +3 quarterstaff (chaos)
rCold    . . .     Gourm    .   (shield currently unavailable)
rNeg     . . .     Faith    .   z - +0 chain mail
rPois    +         Spirit   .   (helmet restricted)
rElec    .         Reflect  .   r - +0 cloak
rCorr    .         Harm     .   o - +0 pair of gloves
MR       .....     Clarity  +   (no boots)
Stlth    ..........             u - amulet of magic regeneration
HPRegen  0.20/turn              k - ring of poison resistance
MPRegen  0.35/turn              (no ring)

@: no status effects
A: retaliatory headbutt, horns 2, clarity, dopey 1, sense surroundings 1
a: no special abilities


You were on level 5 of the Dungeon.
You were not hungry.

You visited 1 branch of the dungeon, and saw 5 of its levels.

You collected 96 gold pieces.

Inventory:

Hand Weapons
 q - a +3 quarterstaff of chaos (weapon)
Armour
 b - a +0 scale mail
 c - a +0 shield
 o - a +0 pair of gloves (worn)
 r - a +0 cloak (worn)
 z - a +0 chain mail (worn)
Jewellery
 j - an uncursed amulet of harm
 k - a ring of poison resistance (left hand)
 u - an amulet of magic regeneration (around neck)
Wands
 p - a wand of polymorph (2)
 y - a wand of digging (4)
Scrolls
 e - a scroll of magic mapping {unknown}
 g - a scroll of identify
 h - a scroll of teleportation {unknown}
 i - 2 scrolls of fog {unknown}
 m - 3 scrolls of noise {unknown}
 n - 2 scrolls of immolation {unknown}
 t - a scroll of remove curse {unknown}
Potions
 a - a potion of flight {unknown}
 d - a potion of might
 l - a potion of lignification {unknown}
 s - a potion of brilliance
 v - a potion of degeneration {unknown}
 w - a potion of heal wounds {unknown}
 x - a potion of agility
Comestibles
 f - 6 rations


   Skills:
 + Level 6.3 Fighting
   Level 3.5(5.3) Polearms
 * Level 6.0(6.5) Staves
 + Level 6.3 Armour
 + Level 3.8 Dodging
 - Level 3.6 Shields


You had 6 spell levels left.
You didn't know any spells.
Your spell library was empty.

Dungeon Overview and Level Annotations

Branches:
Dungeon (5/15)
 Temple: D:4-7

Altars:
Dithmenos
Fedhas
Hepliaklqana
Qazlal
Ru


Innate Abilities, Weirdness & Mutations

You reflexively headbutt those who attack you in melee.
You have a pair of horns on your head.
You possess an exceptional clarity of mind.
You are dopey. (Int -2)
You passively map a small area around you.


Message History

The orc shouts!
The centaur shouts!
The centaur wields a +2 shortbow of velocity.
The centaur shoots an arrow.
The arrow hits you.
You see here an arrow.
The centaur shoots an arrow.
The arrow hits you.
* * * LOW HITPOINT WARNING * * *
x2 You see here an arrow.
The centaur shoots an arrow.
The arrow hits you!
* * * LOW HITPOINT WARNING * * *
x2 The centaur shoots an arrow.
The arrow hits you!
* * * LOW HITPOINT WARNING * * *
x2 You see here 2 arrows.
The centaur shoots an arrow.
The arrow hits you but does no damage.
You see here an arrow.
The centaur shoots an arrow.
The arrow barely misses you. The orc barely misses you.
You furiously retaliate!
You headbutt the orc, but do no damage.
You see here an arrow.
The orc hits you with a +0 hand axe.
You die...

....%....,... * ,,
.....c....... ###
##............
.#..###.....##......
............#.>....#
#.................# ,
##.......((.##......
##...#..(((..)....(..
#...##..@o...##......
#....#......## .....
..........## ....# ,,
##......## ...#.# ,
###.....# ..8.# . ,
#....)..## *....# , *
#........###...#*
##....(8(.(.....##
,#.................


You could see a centaur and an orc.

Vanquished Creatures
  Edmund (D:4)
  An ogre (D:5)
  A phantom (D:3)
  A big kobold (D:5)
  2 scorpions (D:4)
  A hound (D:4)
  An orc priest (D:3)
  A bullfrog skeleton (D:4)
  2 orc wizards (D:3)
  Crazy Yiuf (D:2)
  5 worker ants (D:4)
  Natasha (thrice) (D:4)
  3 adders
  4 gnolls (D:3)
  An ooze (D:1)
  An adder skeleton (D:4)
  2 worms
  A dart slug (D:1)
  4 leopard geckos
  12 orcs (D:3)
  7 bats
  7 giant cockroaches
  7 goblins
  4 hobgoblins
  6 jackals (D:3)
  10 kobolds
  A quokka (D:4)
  A ball python (D:2)
  A ball python skeleton (D:4)
  3 frilled lizards
  2 quokka skeletons
  3 rats (D:1)
100 creatures vanquished.

Notes
Turn   | Place    | Note
-------+----------+-------------------------------------------
     0 | D:1      | Hercules1031 the Minotaur Fighter began the quest for the
                  | Orb.
     0 | D:1      | Reached XP level 1. HP: 19/19 MP: 0/0
   183 | D:1      | Reached XP level 2. HP: 27/27 MP: 1/1
   747 | D:1      | Reached XP level 3. HP: 33/33 MP: 2/2
   993 | D:2      | Found a runed door.
  1019 | D:2      | Noticed Crazy Yiuf
  1022 | D:2      | Killed Crazy Yiuf
  1120 | D:2      | Reached XP level 4. HP: 41/41 MP: 3/3
  1214 | D:2      | Gained mutation: You are dopey. (Int -2) [potion of
                  | mutation]
  1214 | D:2      | Gained mutation: You possess an exceptional clarity of
                  | mind. [potion of mutation]
  1214 | D:2      | Gained mutation: You passively map a small area around you.
                  | [potion of mutation]
  1478 | D:3      | Reached skill level 1 in Staves
  1484 | D:3      | Reached skill level 1 in Dodging
  1504 | D:3      | Reached XP level 5. HP: 29/47 MP: 4/4
  1530 | D:3      | Noticed a phantom
  1562 | D:3      | Killed a phantom
  1562 | D:3      | Reached skill level 5 in Fighting
  1562 | D:3      | Reached skill level 5 in Armour
  1596 | D:3      | Found a stormy altar of Qazlal.
  2021 | D:3      | Reached XP level 6. HP: 53/56 MP: 5/5
  2550 | D:4      | Reached XP level 7. HP: 53/62 MP: 6/6
  2664 | D:4      | Noticed Edmund
  2673 | D:4      | Killed Edmund
  2673 | D:4      | Reached skill level 5 in Staves
  2713 | D:4      | Noticed Natasha
  2719 | D:4      | Killed Natasha
  2819 | D:4      | Noticed Natasha
  2824 | D:4      | Killed Natasha
  2831 | D:4      | Noticed Natasha
  2839 | D:4      | Killed Natasha
  2911 | D:5      | Entered Level 5 of the Dungeon
  2912 | D:5      | Found a blossoming altar of Fedhas.
  2912 | D:5      | Found a hazy altar of Hepliaklqana.
  2912 | D:5      | Found a sacrificial altar of Ru.
  2913 | D:5      | Found a shadowy altar of Dithmenos.
  3001 | D:5      | HP: 3/64 [centaur/arrow (7)]
  3001 | D:5      | HP: 1/64 [centaur/arrow (2)]
  3004 | D:5      | Slain by an orc

Vault maps used:
D:1:      dpeg_arrival_signposts
D:2:      uniq_crazy_yiuf_cottage
D:3:      grunt_qazlal_sundering
D:4:      grunt_ministairs_15, uniq_edmund, uniq_natasha
D:5:      zin_treasury, chequers_temple_overflow_statue_of_worship,
          first_ration, serial_column_ruins, column_ruins_grid_1,
          column_ruins_columns_plus, column_ruins_grid_1, column_ruins_grid_3,
          column_ruins_grid_1, column_ruins_open_tiny

Skill      XL: |  1  2  3  4  5  6  7 |
---------------+----------------------+-----
Armour         | 4 5 6 |  6.3
Fighting       | 4 5 6 |  6.3
Polearms       | 3 |  3.5
Staves         | 1 3 4 6 |  6.0
Dodging        | 1 2 3 |  3.8
Shields        | |  3.6

Action                   |  1- 3 |  4- 6 |  7- 9 || total
-------------------------+-------+-------+-------++-------
Melee: Trident           |    69 |       |       ||    69
       Headbutt          |     8 |    14 |     8 ||    30
       Quarterstaff      |     4 |   103 |    42 ||   149
  Use: Potion            |       |     6 |       ||     6
       Scroll            |       |       |     2 ||     2
 Stab: Paralysed         |       |     1 |       ||     1
  Eat: Ration            |     2 |       |       ||     2
Armor: Scale mail        |    29 |    54 |     7 ||    90
       Chain mail        |       |       |    24 ||    24
Dodge: Dodged            |    22 |    53 |    25 ||   100
Block: Shield            |    37 |       |       ||    37

Table legend:
 A = Non-vault XP
 B = Vault XP
 C = Vault XP percentage of total XP
 D = Non-vault monster count
 E = Vault monster count
 F = Vault count percentage of total count
                 A         B        C        D         E       F
            +---------+---------+-------+---------+---------+-------
      Total |    1164 |     249 |  17.6 |      96 |       4 |   4.0
            +---------+---------+-------+---------+---------+-------
        D:1 |      41 |       0 |   0.0 |      21 |       0 |   0.0
        D:2 |      26 |      36 |  58.1 |      13 |       1 |   7.1
        D:3 |     380 |       0 |   0.0 |      38 |       0 |   0.0
        D:4 |     488 |     213 |  30.4 |      19 |       3 |  13.6
        D:5 |     229 |       0 |   0.0 |       5 |       0 |   0.0
            +---------+---------+-------+---------+---------+-------
